 Dungeon Crawl Stone Soup version 0.13.0-17-g5f0e85f (webtiles) character file.

271 HungrySpirit the Skirmisher (level 5, -7/44 HPs)
             Began as a Hill Orc Artificer on Oct 21, 2013.
             Killed by divine providence
             ... invoked by an orc priest
              (14 damage)
             ... on Level 2 of the Dungeon.
             The game lasted 00:05:01 (2337 turns).

HungrySpirit the Skirmisher (Hill Orc Artificer)    Turns: 2337, Time: 00:05:01

HP  -7/44        AC  8     Str 15      XL: 5   Next: 28%
MP   8/8         EV  9     Int 14      God:
Gold 125         SH  0     Dex 13      Spells:  0 memorised,  4 levels left

Res.Fire  : . . .   See Invis. : .   a - +0 orc short sword
Res.Cold  : . . .   Warding    : +   h - +0 ring mail
Life Prot.: + . .   Conserve   : .   (no shield)
Res.Poison: .       Res.Corr.  : .   (no helmet)
Res.Elec. : .       Clarity    : .   j - +0 cloak
Sust.Abil.: . .     Spirit.Shd : .   (no gloves)
Res.Mut.  : .       Stasis     : .   s - +0 pair of boots
Res.Rott. : .       Flight     : .   i - amulet of warding {unknown}
Saprovore : + . .                    (no ring)
                                     (no ring)

@: slightly resistant to hostile enchantments, very unstealthy
A: saprovore 1, AC +1, Int +2, Dex +2
a: Convert to Beogh


You were on level 2 of the Dungeon.
You were not hungry.

You visited 1 branch of the dungeon, and saw 3 of its levels.

You collected 105 gold pieces.

Inventory:

Hand weapons
 a - a +0,+0 orcish short sword (weapon)
Armour
 h - a +0 ring mail (worn)
 j - a +0 cloak (worn)
 s - a +0 pair of boots (worn)
Magical devices
 b - a wand of flame (15)
 c - a wand of enslavement (15)
 d - a wand of random effects (15)
 r - a wand of slowing (19)
 y - a wand of frost (1)
Comestibles
 f - 2 meat rations
 n - a choko
 o - a royal jelly
 D - a chunk of orc flesh
Scrolls
 e - 2 scrolls of remove curse {unknown}
 g - a scroll of random uselessness {unknown}
 m - a scroll of fog {unknown}
 p - a scroll of amnesia {unknown}
 q - 2 scrolls of enchant weapon II {unknown}
 u - 2 scrolls of identify {unknown}
 v - a scroll of enchant weapon I {unknown}
 w - a scroll of recharging
Jewellery
 i - an amulet of warding (around neck) {unknown}
 t - a cursed ring of teleportation {unknown}
Potions
 k - a potion of speed {unknown}
 l - 3 potions of might {unknown}
 x - a potion of restore abilities {unknown}
 z - a potion of flight {unknown}
 A - a potion of agility
 B - a potion of heal wounds
 C - a potion of blood {unknown}


   Skills:
 * Level 4.2 Fighting
 - Level 1.0 Short Blades
 + Level 2.4 Armour
 - Level 1.5 Dodging
 - Level 0.7 Stealth
 - Level 4.0 Evocations


You had 4 spell levels left.
You didn't know any spells.

Dungeon Overview and Level Annotations

Branches:
Dungeon (3/27)

Altars:


Innate Abilities, Weirdness & Mutations

You can tolerate rotten meat.
You are agile. (Dex +2)
Your mind is acute. (Int +2)
You are covered in fur (AC +1).


Message History

The orc priest is lightly wounded.
The orc priest calls down the wrath of Beogh upon you.
Something smites you!
You hit the orc priest.
The orc priest threatens, "By the altar or by the axe, you will meet Beogh!"
The orc priest is heavily wounded.
The orc priest hits you but does no damage.
You barely miss the orc priest.
The orc priest is heavily wounded.
The orc priest invokes the aid of Beogh against you.
Something smites you!
* * * LOW HITPOINT WARNING * * *
You are too injured to fight recklessly!
You are too injured to fight recklessly!
You hit the orc priest but do no damage.
The orc priest is heavily wounded.
The orc priest shouts, "Beogh is our master!
Accept the truth or die!"
The orc priest mumbles some strange prayers to Beogh against you.
Something smites you!
You die...

#....# #.### #####.##.#
#...#
#...).##.##########.#.#
#.######.........##.#.#
#.##############.##.#.#
###.#...##...# #.##.#.#
#...#...##.#.#####.##.#.#
###.###....#.#..o....#..#.#
......'....#....@........^#
####.##....#...%..........#
...#.#.....##.##.#...##.#.#
##.#+#...........#...<..#.#
......(#....##.#......#.#.#
##.....#..#...(..######.#.#
..........................#
##.#+#.#..#..#.#....#####.#
##.#...#.......#...### #.#


You could see an orc priest.

Vanquished Creatures
  A crimson imp (D:3)
  5 adders (D:2)
  2 giant mites
  2 giant geckos
  3 orcs
  5 bats
  5 giant cockroaches
  6 hobgoblins
  6 jackals
  6 kobolds
  2 ball pythons
  A giant newt (D:2)
  3 goblins
  A quokka skeleton (D:3)
  6 rats
54 creatures vanquished.

Notes
Turn   | Place    | Note
--------------------------------------------------------------
     0 | D:1      | HungrySpirit, the Hill Orc Artificer, began the quest for the Orb.
     0 | D:1      | Reached XP level 1. HP: 17/17 MP: 1/1
   104 | D:1      | Reached XP level 2. HP: 22/24 MP: 3/3
   689 | D:1      | Reached XP level 3. HP: 24/29 MP: 4/4
   970 | D:2      | Reached skill level 4 in Evocations
   986 | D:2      | Reached skill level 1 in Armour
  1133 | D:2      | Reached XP level 4. HP: 30/37 MP: 6/6
  1261 | D:2      | Gained mutation: You are agile. (Dex +2) [potion of mutation]
  1261 | D:2      | Gained mutation: You are covered in fur (AC +1). [potion of mutation]
  1261 | D:2      | Gained mutation: Your mind is acute. (Int +2) [potion of mutation]
  2179 | D:3      | Reached XP level 5. HP: 33/44 MP: 8/8
  2337 | D:2      | Killed from afar by an orc priest

Action                   |  1- 3 |  4- 6 || total
-------------------------+-------+-------++-------
Melee: Short sword       |   107 |   113 ||   220
Evoke: Wand              |       |     6 ||     6
  Use: Potion            |       |     4 ||     4
 Stab: Invisible         |       |     1 ||     1
       Sleeping          |       |     1 ||     1
